[Event "Susha Chess Blitz Women 2022"]
[Site "Shusha"]
[Date "2022.09.24"]
[Round "2"]
[White "Ozturk Orenli, Kubra"]
[Black "Arabidze, Meri"]
[Result "1/2-1/2"]
[ECO "B22"]
[WhiteElo "2319"]
[BlackElo "2422"]
[Annotator "TA"]
[PlyCount "72"]
[EventDate "2022.09.24"]
[EventType "tourn"]
[EventCountry "AZE"]
[SourceTitle "playchess.com"]
[Source "ChessBase"]
[SourceQuality "1"]
[TimeControl "180+2"]

1. e4 c5 2. c3 d5 3. exd5 Qxd5 4. d4 Nf6 5. Nf3 e6 6. Na3 a6 7. Nc4 Nbd7 8. Bd3 {[%emt 0:00:42] B22: Sicilian: 2 c3.} b5 9. Ne3 Qc6 10. a4 {[%emt 0:00:07] The position is equal.} Bb7 {[%emt 0:00:08] [#]} 11. axb5 $146 (11. O-O {keeps more tension.} c4 12. Be2 Bd6 13. b3) ({Predecessor:} 11. O-O c4 12. Be2 Bd6 13. axb5 axb5 14. Rxa8+ Bxa8 15. b3 Nd5 16. bxc4 Nxe3 17. fxe3 bxc4 {0-1 (35) Nun,J (2365)-Boensch,U (2410) Houstka 1982}) 11... axb5 12. Rxa8+ Bxa8 13. dxc5 Bxc5 14. Qe2 b4 15. Bd2 Bxe3 16. fxe3 bxc3 17. Bxc3 O-O 18. O-O Ne4 19. Bd4 f6 20. Bb5 Qb7 21. Qc4 Kh8 {[%emt 0:00:16] And now ...Nd6 would win.} 22. Ba4 {[%emt 0:00:20] [#]} (22. Ba6 $11 Qd5 23. Rc1) 22... Nd2 $1 $17 23. Qxe6 Nxf1 24. Qxd7 Qxd7 25. Bxd7 {[%emt 0:00:01] This bishop pair is nice.} Bxf3 26. gxf3 {[%emt 0:00:05][%mdl 4096] Endgame [#] KRN-KB} Nd2 27. Kf2 Nb3 {[%emt 0:00:02][%cal Bd2b3,Bb3c1,Bc1d3,Bd3e5][%mdl 32] White must now prevent ...Rd8.} 28. Bc3 Rd8 (28... Nc5 $17 29. Bf5 Na4) 29. Bb5 Nc1 30. Bc4 Nd3+ 31. Ke2 Ne5 32. Be6 Re8 33. Bd5 Rd8 34. Be6 Re8 35. Bd5 Rd8 36. Be6 Re8 {[%emt 0:00:00] Weighted Error Value: White=0.11 (very precise) /Black=0.14 (very precise)} 1/2-1/2

[Event "Susha Chess Blitz Women 2022"]
[Site "Shusha"]
[Date "2022.09.24"]
[Round "3"]
[White "Zawadzka, Jolanta"]
[Black "Fataliyeva, Ulviyya"]
[Result "0-1"]
[ECO "B15"]
[WhiteElo "2401"]
[BlackElo "2408"]
[Annotator "TA"]
[PlyCount "60"]
[EventDate "2022.09.24"]
[EventType "tourn"]
[EventCountry "AZE"]
[SourceTitle "playchess.com"]
[Source "ChessBase"]
[SourceQuality "1"]
[TimeControl "180+2"]

1. e4 c6 2. d4 d5 3. Nd2 dxe4 4. Nxe4 Nf6 5. Nxf6+ exf6 6. c3 Bd6 7. Bd3 Na6 {[%emt 0:00:01][%cal Bb8a6,Ba6c7,Bc7d5,Bd5e7,Be7f5][%mdl 32] B15: Caro-Kann: 3 Nc3: 3...g6 and 3...dxe4 4 Nxe4 Nf6 5 Nxf6+ exf6.} 8. Ne2 Nc7 9. Qc2 h5 {[%emt 0:00:22] White is slightly better.} 10. O-O Nd5 11. a3 {[%emt 0:00:33] [#]} Qc7 $146 ({Predecessor:} 11... Kf8 12. c4 Ne7 13. Bd2 g6 14. Bc3 Kg7 15. Ng3 Qc7 16. f4 h4 17. Ne4 Nf5 {1-0 (62) Quparadze,G (2463)-Lortkipanidze,N (2416) Tbilisi 2021}) 12. h3 Kf8 13. f4 {[%emt 0:00:14] aiming for c4.} c5 (13... Ne7 $14) 14. c4 $16 Ne7 15. Be3 g6 {[%emt 0:00:07] [#]} (15... b6 $142) 16. b4 $1 Nf5 17. Bf2 (17. Bxf5 $142 Bxf5 18. Qc3) 17... cxb4 18. c5 Bxf4 19. Nxf4 Qxf4 20. axb4 Be6 (20... Nxd4 $14 21. Qc4 Ne6) 21. Be4 (21. c6 $16 Kg7 22. cxb7) 21... Rd8 {[%emt 0:00:22] Inhibits d5.} ({Black should try} 21... Ne3 $1 $14 22. Bxe3 Qxe3+ 23. Kh1 Qxd4) 22. Bxb7 {[%emt 0:00:19] Hoping for d5.} Nxd4 23. Qb2 Bc4 (23... Kg7 $16 {was worth a try.}) 24. Bxd4 $18 Bxf1 (24... Qxd4+ 25. Rf2 (25. Qxd4 Rxd4 26. Rfb1 Kg7 $16) 25... Kg7) 25. Bxf6 {[%emt 0:00:04] A strong pair of Bishops.} Rd2 26. Rxa7 $2 (26. Qe5 $18 {White threatens Qe7+ and mate.} Qxe5 27. Bxe5) 26... Qf2+ $11 27. Kh2 {[%emt 0:00:02] Intending Ra8+ and mate.} Qf4+ $40 {[%emt 0:00:07][%mdl 128] White needs to defend precisely.} (27... Rxb2 $2 28. Ra8#) 28. Kh1 $2 {[%emt 0:00:01][%mdl 8192] [#]} (28. Kg1 $11 Qf2+ 29. Kh2 Qf4+ 30. Kg1) 28... Bxg2+ $1 {[%emt 0:00:02] Black mates.} 29. Bxg2 Rd1+ 30. Bf1 Rxf1+ {Weighted Error Value: White=0.49/Black=0.50} (30... Qxf1+ $142 31. Kh2 Qg1#) 0-1

[Event "Susha Chess Blitz Women 2022"]
[Site "Shusha"]
[Date "2022.09.24"]
[Round "3"]
[White "Mammadova, Gulnar"]
[Black "Arabidze, Meri"]
[Result "1/2-1/2"]
[ECO "B47"]
[WhiteElo "2382"]
[BlackElo "2422"]
[Annotator "TA"]
[PlyCount "93"]
[EventDate "2022.09.24"]
[EventType "tourn"]
[EventCountry "AZE"]
[SourceTitle "playchess.com"]
[Source "ChessBase"]
[SourceQuality "1"]
[TimeControl "180+2"]

1. e4 c5 2. Nf3 e6 3. d4 cxd4 4. Nxd4 Nc6 5. Nc3 Qc7 6. f4 a6 7. Nxc6 Qxc6 8. Bd3 b5 9. Qe2 Bb7 10. Bd2 Rc8 {[%emt 0:00:01] B47: Sicilian: Taimanov: 5 Nc3 Qc7 6 f4, 6 g3 and 6 Be2.} 11. O-O-O (11. a3 $11 {keeps the balance.}) 11... Nf6 $2 (11... b4 $1 $17 12. Nb1 Qa4) 12. e5 $14 Nd5 {[%emt 0:00:01][%cal Rd5c3] White is slightly better.} 13. Ne4 Be7 {[%emt 0:00:10] [#]} 14. Kb1 $146 ({Predecessor:} 14. g4 O-O 15. g5 Rfd8 16. Rhg1 d6 17. Nf6+ Bxf6 18. gxf6 g6 19. Qh5 Qe8 20. Rg3 {1-0 (35) Kodentsov,G (2276)-Coene,I (2193) Ohrid 2009}) 14... O-O {[%emt 0:00:41] [#]} (14... Qc7 $16) 15. h4 ({White should play} 15. Qh5 $1 $18) 15... f5 $1 16. exf6 Nxf6 17. Nxf6+ Bxf6 18. Rhg1 Qd5 $2 (18... Bd4 $1 $11) 19. Bb4 $18 {[%emt 0:00:08][%cal Od3h7] Hoping for Bxh7+!} Bd4 20. Bxf8 {[%emt 0:00:12] Really sharp!} Rxf8 {[%emt 0:00:00] [#]} 21. Be4 Qxe4 $16 22. Qxe4 {[%emt 0:00:01][%mdl 64] Remove Defender} Bxe4 23. Rxd4 {[%emt 0:00:01][%mdl 4096] Endgame KRR-KRB} d5 24. g3 h5 (24... Rc8 $16 {keeps fighting.} 25. Rd2 h5) 25. Re1 $18 Kf7 26. a4 Rc8 27. Re2 Kf6 (27... Rc5 $142 28. Kc1 Kf6 29. axb5 axb5) 28. axb5 axb5 29. Rexe4 dxe4 30. Rxe4 {[%emt 0:00:00] KR-KR} Rc5 31. c3 Kf5 32. Re3 Kg4 (32... e5 $2 33. Rxe5+ Rxe5 34. fxe5 $18) 33. Ka2 Rd5 34. Kb3 Rd2 35. Rxe6 $2 ({White has to play} 35. Ka3 $18) 35... Kxg3 $11 36. Rg6+ Kxh4 37. Rxg7 Rf2 38. Rf7 Kg3 39. f5 h4 40. Rg7+ Kh2 41. Rh7 h3 42. Ka3 Rxf5 {[%emt 0:00:02] And now ...Kg3 would win.} 43. Kb4 Kg2 44. Rg7+ $2 (44. c4 $11 {and White is okay.}) 44... Kh1 $2 (44... Kf3 $19 {Threatens to win with ...h2.} 45. c4 bxc4 46. Kxc4 Rh5) 45. b3 {[%emt 0:00:01] The position is equal.} h2 46. c4 bxc4 47. bxc4 {[%emt 0:00:00] White used his chance.  Weighted Error Value: White=0.46/Black=0.53} 1/2-1/2

[Event "Susha Chess Blitz Women 2022"]
[Site "Shusha"]
[Date "2022.09.24"]
[Round "3"]
[White "Balajayeva, Khanim"]
[Black "Mammadzada, Gunay"]
[Result "1/2-1/2"]
[ECO "B22"]
[WhiteElo "2379"]
[BlackElo "2473"]
[Annotator "TA"]
[PlyCount "99"]
[EventDate "2022.09.24"]
[EventType "tourn"]
[EventCountry "AZE"]
[SourceTitle "playchess.com"]
[Source "ChessBase"]
[SourceQuality "1"]
[TimeControl "180+2"]

1. e4 c5 2. c3 Nf6 3. e5 Nd5 4. d4 cxd4 5. Nf3 d6 6. cxd4 Nc6 7. Bc4 Nb6 8. Bb5 dxe5 9. Nxe5 Bd7 10. Nxd7 Qxd7 11. Nc3 e6 12. O-O Rd8 $1 {[%emt 0:00:01][%mdl 4] is more profitable than 12...Be7 at the moment. B22: Sicilian: 2 c3.} 13. Be3 Be7 14. Qf3 O-O 15. Rfd1 a6 16. Bxc6 bxc6 17. Rac1 Nd5 18. Na4 Rb8 19. b3 {[%emt 0:00:02] [#]} Bd6 $146 ({Predecessor:} 19... a5 20. Qg4 Rfd8 21. h3 Rb5 22. Bh6 Bf8 23. Bg5 Be7 24. Nc5 Qa7 25. Bxe7 Nxe7 26. Qe4 h6 {½-½ (26) Svilponis,T (2424)-Terekhov,A (2413) ICCF email 2014}) 20. Nc5 Bxc5 21. dxc5 Qc7 22. Qe4 Rb4 23. Rd4 Rfb8 24. g3 Qa5 25. Qc2 {[%emt 0:00:20] [#] aiming for Bd2.} Nxe3 26. fxe3 Rxd4 27. exd4 $11 {[%emt 0:00:01][%mdl 4096] Endgame KQR-KQR} Qb4 28. Qc3 Qb5 29. Qc4 Qa5 (29... Rd8 $11) 30. Qc2 $15 Rd8 31. Rd1 g6 32. a4 e5 33. d5 (33. Qc4 $142) 33... cxd5 $17 ({Don't do} 33... Rxd5 34. Rxd5 cxd5 35. c6 $16) 34. c6 Qb6+ 35. Kg2 Rc8 36. Rc1 d4 37. c7 Kg7 ({Black should try} 37... a5 $17 38. Qc6 Qxc6+ 39. Rxc6 Kf8) 38. Qe4 $2 {[%emt 0:00:07] Inhibits Qb7.} (38. Qc5 $1 $11 Qb7+ 39. Kf2) 38... f6 39. Qc2 (39. Qc6 $17 {was called for.} Qxc6+ 40. Rxc6) 39... d3 $2 (39... a5 $19 {Strongly threatening ...f5.} 40. h4 (40. Qc6 Qxc6+ 41. Rxc6 Kf7 $17) 40... f5) 40. Qxd3 $11 {[%emt 0:00:02] Intending Qd7+ and mate.} Rxc7 41. Rxc7+ Qxc7 42. Qxa6 {[%emt 0:00:01] KQ-KQ} Qc2+ 43. Kh3 Qxb3 {[%emt 0:00:01] And now ...Qf3 would win.} 44. a5 $2 {[%emt 0:00:03] [#]} (44. Qc6 $11 {and White is okay.}) 44... e4 $2 (44... Qf3 $1 $19 {( -> ...h5)} 45. Qa7+ Kh6) 45. Qb6 {[%emt 0:00:05] The position is equal.} Qf3 46. Qc7+ $1 Kg8 {[%emt 0:00:05] White must now prevent ...e3.} 47. Qd8+ Kg7 48. Qc7+ $1 Kg8 {[%emt 0:00:03] Threatens to win with ...e3.} 49. Qd8+ Kg7 50. Qc7+ $1 {[%emt 0:00:02] Weighted Error Value: White=0.25 (precise) /Black=0.22 (precise)} 1/2-1/2

[Event "Susha Chess Blitz Women 2022"]
[Site "Shusha"]
[Date "2022.09.24"]
[Round "3"]
[White "Beydullayeva, Govhar"]
[Black "Efroimski, Marsel"]
[Result "1/2-1/2"]
[ECO "A40"]
[WhiteElo "2346"]
[BlackElo "2462"]
[Annotator "TA"]
[PlyCount "120"]
[EventDate "2022.09.24"]
[EventType "tourn"]
[EventCountry "AZE"]
[SourceTitle "playchess.com"]
[Source "ChessBase"]
[SourceQuality "1"]
[TimeControl "180+2"]

1. d4 e6 2. c4 b6 3. e4 Bb7 4. Bd3 Bb4+ 5. Bd2 Bxd2+ 6. Qxd2 {[%emt 0:00:08] A40: Unusual replies to 1 d4.} f5 7. Nc3 Nf6 8. Qe2 {[%emt 0:00:16] White is slightly better.} fxe4 9. Nxe4 O-O 10. Nf3 Nc6 11. O-O {[%emt 0:00:16] [#]} Nb4 $146 ({Predecessor:} 11... Qe8 12. Nxf6+ Rxf6 13. Be4 Qh5 14. d5 Ne5 15. Bxh7+ Kxh7 16. Qxe5 Qxe5 17. Nxe5 exd5 18. Nxd7 {1-0 (35) Antonsen,M (2433)-Hansen,L (2206) Allerod 2019}) 12. Nxf6+ (12. Bb1 $1 $14) 12... Qxf6 $15 13. Be4 d5 14. cxd5 exd5 (14... Ba6 $1 $15 15. Qd2 exd5 16. Bxh7+ Kxh7 17. Qxb4 Bxf1 18. Rxf1 Rae8) 15. Bd3 $11 c5 16. Rfd1 Rae8 17. Qd2 Bc8 $132 {[%emt 0:00:14][%mdl 2048] Black is not holding back} 18. dxc5 bxc5 19. Bb5 Rd8 20. a3 Nc6 {[%emt 0:00:05] And now ...Bg4 would win.} 21. Bxc6 Qxc6 22. Ne5 Qf6 23. Re1 c4 24. Qd4 Qb6 25. Rad1 Bf5 (25... Qxd4 $11 {keeps the balance.} 26. Rxd4 Bb7) 26. Qxb6 $16 axb6 27. Nc6 Bc2 28. Rd2 Rde8 29. Ne7+ (29. Rde2 $16 Rxe2 30. Rxe2) 29... Kf7 $11 30. Rde2 $1 Bd3 (30... Be4 $11) 31. Re5 (31. Re3 $1 $16 {[%cal Re3f3] Rf3+ would kill now.} Be4 32. Nc6) 31... d4 {[%emt 0:00:10] [#]} (31... Be4 $11 {remains equal.}) 32. Nc6 $1 $16 Rxe5 33. Nxe5+ Kg8 34. Nxd3 cxd3 {[%emt 0:00:01][%mdl 4096] Endgame KR-KR} 35. Rd1 Rc8 {[%emt 0:00:01][%cal Od3d2] White must now prevent ...d2!} 36. Kf1 Rc2 37. Rxd3 Rxb2 38. Rxd4 b5 39. Rb4 Ra2 40. Rb3 Kf7 41. g3 Kf6 42. Kg2 g5 $1 43. h3 h5 44. Kf3 Kg6 45. h4 g4+ ({Better is} 45... gxh4 $14 46. gxh4 Kg7) 46. Ke3 $18 Kh6 47. Rc3 ({Don't take} 47. Rxb5 $6 Rxa3+ 48. Ke2 Ra2+ 49. Ke3 Ra3+ 50. Ke2 Ra2+ 51. Ke3 Ra3+ $16) (47. f3 $18) 47... Kg6 48. Rb3 (48. Rd3 $14) 48... Kh6 $1 {[%emt 0:00:01] [#]} 49. Rd3 ({Don't play} 49. Rxb5 $6 Rxa3+ 50. Ke2 Ra2+ 51. Kf1 Kg6 $16) ({White should try} 49. f4 $1 $18) 49... Kg6 $14 50. Rd6+ Kg7 51. Kf4 {[%emt 0:00:01] aiming for Kg5.} Rxf2+ {[%emt 0:00:08] The position is equal.} 52. Kg5 Rf3 53. Rb6 Rxa3 54. Rxb5 Kf7 55. Rb7+ Kf8 56. Kxh5 Rxg3 57. Rb4 Kg8 58. Rxg4+ Rxg4 59. Kxg4 Kh7 60. Kh5 Kh8 {[%emt 0:00:00] Weighted Error Value: White=0.23 (precise) /Black=0.20 (precise)} 1/2-1/2

[Event "Susha Chess Blitz Women 2022"]
[Site "Shusha"]
[Date "2022.09.24"]
[Round "3"]
[White "Ozturk Orenli, Kubra"]
[Black "Dzagnidze, Nana"]
[Result "1-0"]
[ECO "E53"]
[WhiteElo "2319"]
[BlackElo "2526"]
[Annotator "TA"]
[PlyCount "27"]
[EventDate "2022.09.24"]
[EventType "tourn"]
[EventCountry "AZE"]
[SourceTitle "playchess.com"]
[Source "ChessBase"]
[SourceQuality "1"]
[TimeControl "180+2"]

1. d4 Nf6 2. c4 e6 3. Nf3 d5 4. Nc3 Bb4 5. e3 O-O 6. Bd3 c5 7. dxc5 {[%emt 0:00:09] E53: Nimzo-Indian: Rubinstein: Main Line (4...0-0 5 Nf3 d5 6 Bd3 c5 7 0-0).} dxc4 8. Bxc4 Qe7 9. O-O {[%emt 0:00:08] [#] The position is equal.} Rd8 $146 ({Predecessor:} 9... Qxc5 10. Qe2 Bxc3 11. bxc3 Bd7 12. Rb1 Rc8 13. Bd3 e5 14. e4 Qc7 15. Be3 Be6 {½-½ (32) Mantovani,R (2370)-Dizdar,G (2505) Lugano 1989}) 10. Qb3 Nc6 11. a3 Bxc5 12. Qc2 e5 (12... Bd6 $11) 13. Ng5 $16 {[%emt 0:00:19] [#] Threatens to win with b4.} Rf8 $2 (13... Be6 $16 14. Nxe6 fxe6) 14. Nd5 {[%emt 0:00:05] Black got outplayed after the opening.  Weighted Error Value: White=0.08 (flawless) /Black=0.41} 1-0

[Event "Susha Chess Blitz Women 2022"]
[Site "Shusha"]
[Date "2022.09.24"]
[Round "4"]
[White "Dzagnidze, Nana"]
[Black "Ozturk Orenli, Kubra"]
[Result "1-0"]
[ECO "A28"]
[WhiteElo "2526"]
[BlackElo "2319"]
[Annotator "TA"]
[PlyCount "61"]
[EventDate "2022.09.24"]
[EventType "tourn"]
[EventCountry "AZE"]
[SourceTitle "playchess.com"]
[Source "ChessBase"]
[SourceQuality "1"]
[TimeControl "180+2"]

1. c4 e5 2. Nc3 Nf6 3. Nf3 Nc6 4. e3 Bb4 5. Qc2 O-O 6. Nd5 Be7 7. a3 {[%emt 0:00:17] A28: English Opening: Four Knights Variation.} a5 8. b3 d6 9. Bb2 {[%emt 0:00:03] The position is equal.} h6 10. d4 {[%emt 0:00:17] [#]} exd4 $146 ({Predecessor:} 10... Bg4 11. Nxe7+ Qxe7 12. d5 Nb8 13. Be2 Nbd7 14. h3 Bh5 15. Nh4 Bxe2 16. Nf5 Qd8 17. Kxe2 {1-0 (47) Carlsson,L (2355)-Delgerdalai,B (2115) Prague 2022}) 11. Nxd4 Nxd4 12. Bxd4 Be6 13. Nxe7+ Qxe7 14. Be2 Nd7 15. O-O b6 16. f4 {[%emt 0:00:45] [#] And now f5 would win.} f5 17. b4 axb4 18. axb4 d5 $2 (18... c5 $11 {and Black has nothing to worry.} 19. bxc5 bxc5) 19. c5 (19. Rxa8 $18 {has better winning chances.} Rxa8 20. cxd5 Bxd5 21. Qxc7 (21. Qxf5 c6 $16)) 19... bxc5 $16 20. bxc5 c6 21. Bd3 {[%emt 0:00:06] White is more active.} Rxa1 (21... Rfb8 $16) 22. Rxa1 $18 Kh8 (22... Nf6 $142 23. Ra6 (23. Bxf5 Bxf5 24. Qxf5 Ne4 $18) 23... Qd7) 23. Ra7 {[%emt 0:00:03] [#] Strongly threatening Qa4.} Kg8 $2 (23... Qe8 24. Qb1 Nf6 25. Bxf5 Bxf5 26. Qxf5 Rf7) 24. h3 {[%emt 0:00:03] Black must now prevent Qa4.} Qd8 (24... Qe8 {keeps fighting.} 25. Kh2 Kh8) 25. Qb2 Qe7 $2 (25... Nf6 26. Qb7 Rf7 27. Qxc6 Rxa7) 26. Qb7 {[%emt 0:00:05] White is clearly winning.} Qe8 27. Qxc6 {[%emt 0:00:02] Bb5 is the strong threat.} Nf6 28. Qxe8 Nxe8 29. c6 Rf7 30. Ra8 Rf8 31. Bc5 {[%emt 0:00:03] Inhibits Nd6.  Weighted Error Value: White=0.41/Black=0.49} 1-0

[Event "Susha Chess Blitz Women 2022"]
[Site "Shusha"]
[Date "2022.09.24"]
[Round "4"]
[White "Mammadzada, Gunay"]
[Black "Balajayeva, Khanim"]
[Result "0-1"]
[ECO "C95"]
[WhiteElo "2473"]
[BlackElo "2379"]
[Annotator "TA"]
[PlyCount "90"]
[EventDate "2022.09.24"]
[EventType "tourn"]
[EventCountry "AZE"]
[SourceTitle "playchess.com"]
[Source "ChessBase"]
[SourceQuality "1"]
[TimeControl "180+2"]

1. e4 e5 2. Nf3 Nc6 3. Bb5 a6 4. Ba4 Nf6 5. O-O Be7 6. Re1 b5 7. Bb3 d6 8. c3 O-O 9. h3 Nb8 10. d4 Nbd7 11. c4 c6 12. Qc2 {[%emt 0:00:06] C95: Closed Ruy Lopez: Breyer Variation with 10 d4.} Bb7 13. Nbd2 {[%emt 0:00:48] [#]} ({White should play} 13. Nc3 $11) 13... exd4 $146 ({Predecessor:} 13... Rc8 14. dxe5 Nxe5 15. Nxe5 dxe5 16. Nf1 Nd7 17. Ng3 g6 18. Bh6 Re8 19. Rad1 Rc7 {0-1 (64) Milman,L (2462)-Getz,A (2313) New York 2011}) 14. Nxd4 {[%emt 0:00:05] Black is slightly better.} Nc5 15. N2f3 Re8 16. Nf5 Bf8 17. Bg5 (17. Nxd6 $11 Bxd6 18. e5) 17... h6 18. Bh4 g6 $2 (18... Rxe4 $17 19. Rxe4 Ncxe4) 19. cxb5 $2 (19. e5 $16 dxe5 20. Rad1) 19... gxf5 (19... Nxb3 $11 {remains equal.} 20. Qxb3 (20. axb3 cxb5 21. Qc3 Re6 $15) 20... cxb5) 20. Nd4 $2 (20. e5 $16 {stays on course.}) 20... cxb5 $19 ({Don't blunder} 20... axb5 $2 21. Nxf5 Bc8 22. Nd4 Nxb3 23. Qxb3 $19) 21. Nxf5 Bxe4 22. Qc3 Bxf5 ({Weaker is} 22... Re5 23. Qg3+ Kh8 24. Bxf7 $17) 23. Bxf6 {[%emt 0:00:01] [#] Threatening mate with Qg3+.} Qd7 24. Qg3+ Kh7 25. Bd5 Rxe1+ ({Not} 25... Ne4 26. Qf3 Nxf6 27. Bxa8 $17) 26. Rxe1 {[%emt 0:00:01] Hoping for Re7.} Re8 {[%emt 0:00:00] Against Re7} 27. Rc1 Ne4 28. Qh4 Nxf6 29. Qxf6 Bg7 30. Qh4 Qe7 31. Qf4 (31. Qxe7 $142 Rxe7 32. g4 Bxb2 33. Rc6) 31... Bg6 {[%emt 0:00:02][%cal Oe7e1] [#] Strongly threatening ...Qe1+!} 32. b3 Qe5 33. Qf3 Qb2 34. Rc7 Rf8 35. h4 Qa1+ 36. Kh2 Qe5+ 37. g3 Bh5 38. Qd3+ Bg6 39. Qf3 Qf6 40. Qe3 Qd8 41. Ra7 Qf6 $2 (41... Qa5 $19 42. Bb7 b4) 42. Rxa6 $2 (42. Rc7 $1 $11 a5 43. Kg2) 42... Qe5 43. Qf3 (43. Qxe5 {was the only defense.} dxe5 44. Rb6) 43... Rc8 {[%emt 0:00:05][%cal Bf8c8,Bc8c3,Bc3d3][%mdl 32] And now ...Rc2 would win.} 44. Ra7 (44. Rc6 $142 Rxc6 45. Bxc6) 44... Rc3 45. Qd1 Rd3 {[%emt 0:00:02] Weighted Error Value: White=1.07/Black=0.52} 0-1

[Event "Susha Chess Blitz Women 2022"]
[Site "Shusha"]
[Date "2022.09.24"]
[Round "4"]
[White "Efroimski, Marsel"]
[Black "Beydullayeva, Govhar"]
[Result "0-1"]
[ECO "B23"]
[WhiteElo "2462"]
[BlackElo "2346"]
[Annotator "TA"]
[PlyCount "50"]
[EventDate "2022.09.24"]
[EventType "tourn"]
[EventCountry "AZE"]
[SourceTitle "playchess.com"]
[Source "ChessBase"]
[SourceQuality "1"]
[TimeControl "180+2"]

1. e4 c5 2. Nc3 d6 3. d4 cxd4 4. Qxd4 Nc6 5. Qd2 g6 6. b3 {[%emt 0:00:00] B23: Closed Sicilian: Lines without g3.} Bh6 7. f4 Nf6 8. Bb2 {[%emt 0:00:01] The position is equal.} O-O 9. O-O-O a5 {[%emt 0:00:01][%cal Oa5a4] [#]} 10. Nf3 $146 {[%emt 0:00:17] [#]} (10. a4 $11 {keeps the balance.}) ({Predecessor:} 10. a4 Nb4 11. Nf3 Bg4 12. Kb1 Rc8 13. Bc4 Qb6 14. h3 Bxf3 15. gxf3 Nh5 16. Ne2 Rxc4 17. bxc4 {0-1 (55) Shirov,A (2662)-Cheparinov,I (2667) Tornelo INT 2021}) 10... a4 $1 $17 11. h4 ({White should try} 11. g3 $15) 11... axb3 12. axb3 Qa5 13. Ng5 (13. h5 $17 {is a better defense.} Nxh5 14. Nd5) 13... Bg7 ({Black should play} 13... Nb4 $19 {...Bg7 is the strong threat.} 14. Bc4 Bg4) 14. Qe2 $2 (14. Nd5 $17) 14... h6 15. e5 dxe5 ({Don't go for} 15... hxg5 $2 16. exf6 Bxf6 17. Na4 Bxb2+ 18. Kxb2 gxf4 19. c3) 16. Nge4 (16. fxe5 {is the only way for White.} Nh5 17. Nge4) 16... exf4 {[%emt 0:00:10] [#] And now ...Nxe4 would win.} 17. Nb1 (17. Nxf6+ $142 Bxf6 18. Na4) 17... Nxe4 $19 18. Bxg7 Kxg7 19. Qxe4 Bf5 20. Qxf4 Nb4 21. Qd4+ e5 22. Qd2 Bxc2 {[%emt 0:00:17] ( -> ...Rfc8)} 23. h5 Bxb1 {[%emt 0:00:17] Black mates.} 24. Qb2 Bf5 25. Bc4 Na2+ {[%emt 0:00:03] White did not feel at home in the position after the opening.  Weighted Error Value: White=1.47/Black=0.33} 0-1